 Dungeon Crawl Stone Soup version 0.29.1-2-gbd0b4ee654 (webtiles) character file.

Game seed: 10545157604405897306

30 qeuew the Ducker (level 3, 0/28 HPs)
             Began as a Merfolk Gladiator on Nov 15, 2022.
             Succumbed to an adder's poison
             ... on level 2 of the Dungeon.
             The game lasted 00:01:25 (853 turns).

qeuew the Ducker (Merfolk Gladiator)                 Turns: 853, Time: 00:01:26

Health: 0/28       AC:  4    Str: 16    XL:     3   Next: 18%
Magic:  3/3        EV: 13    Int:  7    God:
Gold:   28         SH:  0    Dex: 13    Spells: 2/2 levels left

rFire   . . .      SeeInvis .   a - +0 trident
rCold   . . .      Faith    .   (no shield)
rNeg    . . .      Spirit   .   b - +0 leather armour
rPois   .          Reflect  .   c - +0 helmet
rElec   .          Harm     .   (no cloak)
rCorr   .          Rampage  .   (no gloves)
Will    .....                   (no boots)
Stlth   +.........              (no amulet)
HPRegen 0.09/turn               (no ring)
MPRegen 0.08/turn               (no ring)

@: lethally poisoned (0 -> -1)
A: (nimble swimmer 2), mertail, clumsy 1
a: no special abilities


You were on level 2 of the Dungeon.
You visited 1 branch of the dungeon, and saw 2 of its levels.

You collected 28 gold pieces.

Inventory:

Hand Weapons
 a - a +0 trident (weapon)
Missiles
 d - 3 throwing nets (quivered)
 e - a javelin
Armour
 b - a +0 leather armour (worn)
 c - a +0 helmet (worn)
Scrolls
 i - a scroll of amnesia
Potions
 g - a potion of haste


   Skills:
 + Level 2.6 Fighting
 + Level 4.3 Polearms
 + Level 2.3 Throwing
 + Level 0.6 Armour
 + Level 4.3 Dodging


You had 2 spell levels left.
You didn't know any spells.
Your spell library contained the following spells:

 Spells                   Type           Power      Damage    Failure   Level
 Static Discharge         Conj/Air       0%         3-3/arc   65%         2
 Dispel Undead            Necr           0%         3d6       99%         4
 Sticky Flame             Conj/Fire      0%         2d3       99%         4


Dungeon Overview and Level Annotations

Branches:
Dungeon (2/15)

Altars:


Innate Abilities, Weirdness & Mutations

((You are very nimble when in or above water. (Stealth+, EV+, Speed+++)))
Your lower body shifts to a powerful aquatic tail in water.
You are clumsy. (Dex -2)


Message History

The adder misses you.
You miss the adder.
The adder is heavily wounded.
The adder closely misses you.
You closely miss the adder.
The adder is heavily wounded.
The adder bites you.
* * * LOW HITPOINT WARNING * * *
The adder bites you.
* * * LOW HITPOINT WARNING * * *
You hit the adder.
The adder is severely wounded.
The adder barely misses you.
You closely miss the adder.
The adder is severely wounded.
The adder barely misses you.
You hit the adder but do no damage.
The adder is severely wounded.
The adder misses you. The adder closely misses you.
You barely miss the adder.
The adder is severely wounded.
The adder bites you.
* * * LOW HITPOINT WARNING * * *
You are lethally poisoned!
The adder poisons you!
You hit the adder.
You kill the adder!
* * * LOW HITPOINT WARNING * * *
You feel sick.
You have reached level 3!
Your experience leads to an increase in your attributes!
Your base attributes are Str 14, Int 7, Dex 15.
Increase (S)trength, (I)ntelligence, or (D)exterity?
You feel stronger. x2
Okay, then.
* * * LOW HITPOINT WARNING * * *
You feel sick.
Things that are here:
15 gold pieces; an adder corpse You die...

#.####.#
#$. ..#
#### ###
#####
#@$<#
#.###
#.# #.#
#.# #.#
#.# #..


There were no monsters in sight!

Vanquished Creatures
  An adder (D:2)
  An endoplasm (D:1)
  4 giant cockroaches (D:1)
  A kobold (D:1)
  3 quokkas (D:1)
  2 ball pythons (D:1)
  2 bats (D:1)
  2 frilled lizards (D:1)
  3 goblins (D:1)
  A rat (D:1)
20 creatures vanquished.

Notes
Turn   | Place    | Note
-------+----------+-------------------------------------------
     0 | D:1      | qeuew the Merfolk Gladiator began the quest for the Orb.
     0 | D:1      | Reached XP level 1. HP: 16/16 MP: 1/1
   102 | D:1      | Reached XP level 2. HP: 23/23 MP: 2/2
   295 | D:1      | You fall into a shaft and drop 1 floor!
   793 | D:1      | Gained mutation: You do not regenerate when monsters are
                  | visible. [potion of mutation]
   794 | D:1      | Lost mutation: You do not regenerate when monsters are
                  | visible. [potion of mutation]
   794 | D:1      | Gained mutation: You are clumsy. (Dex -2) [potion of
                  | mutation]
   851 | D:2      | HP: 1/23 [poisoned by an adder]
   852 | D:2      | Reached XP level 3. HP: 2/28 MP: 3/3
   853 | D:2      | Succumbed to an adder's poison

Illustrated notes

Levels and vault maps discovered:
D:1:      minmay_arrival_four_houses, layout_rooms,
          hangedman_abyss_or_decor_lesser_grid, chequers_big_river
D:2:      layout_basic

Action                   || total
-------------------------++-------
Melee: Trident           ||    57
  Use: Scroll            ||     7
       Potion            ||     4
Armor: Leather armour    ||    12
Dodge: Dodged            ||    29
